 Dungeon Crawl Stone Soup version 0.31.0-32-g396128a36d (webtiles) character file.

Game seed: 3162774509249333931

295002 James the Rapturous (level 20, -6/241 (243) HPs)
             Began as a Demonspawn Gladiator on Apr 2, 2024.
             Was the Champion of Uskayaw.
             Mangled by a deep elf blademaster
             ... wielding a +0 quick blade
              (11 damage)
             ... on level 3 of the Elven Halls on Apr 3, 2024.
             The game lasted 02:37:21 (41097 turns).

James the Rapturous (Demonspawn Gladiator)         Turns: 41097, Time: 02:37:22

HP:   -6/241 (243)  AC: 20    Str: 16    XL:     20   Next: 4%
MP:   34/34         EV: 26    Int: 10    God:    Uskayaw [******]
Gold: 567           SH:  0    Dex: 32    Spells: 19/19 levels left

rFire   + + .        a - +5 rapier (flame)
rCold   + . .        (no shield)
rNeg    + . .        M - +3 ring mail
rPois   +            q - -2 hat of the Alchemist {rElec rPois rF+ rC+ rN+ Will+ rMut rCorr}
rElec   +            z - +1 cloak of Duty {Dex+3 Slay+2 SInv}
rCorr   +            (gloves unavailable)
SInv    +            N - +2 pair of boots
Will    +++..        e - amulet of Awnoenumia {RegenMP Rampage Str-2 Dex+4 SInv} Stlth
                     G - +6 ring of dexterity
HPRegen 0.60/turn    s - ring of willpower
MPRegen 0.64/turn

%: resist mutation, rampage
@: berserking, studying 3 skills, lightly drained, very quick
A: molten scales 3, foul stench 3, spiny 2, augmentation 2, demonic touch 3
}: 2/15 runes: barnacled, gossamer
a: Renounce Religion, Stomp, Line Pass, Grand Finale


You were on level 3 of the Elven Halls.
You worshipped Uskayaw.
Uskayaw was greatly pleased with you.
You visited 7 branches of the dungeon, and saw 34 of its levels.
You also visited: Bailey and Gauntlet.

You collected 3682 gold pieces.
You spent 3115 gold pieces at shops.

Inventory:

Hand Weapons
 a - a +5 rapier of flaming (weapon)
   (You bought it in a shop on level 4 of the Dungeon)
 b - a +4 scimitar of flaming
   (You took it off Erica on level 2 of the Lair of Beasts)
 n - a +4 glaive
   (You found it on level 3 of the Lair of Beasts)
 u - a +2 rapier of electrocution
   (You took it off Nikola on level 1 of the Shoals)
 S - a +0 sling
   (You found it on level 1 of the Dungeon)
Missiles
 d - 5 throwing nets {!f}
 m - 7 curare-tipped darts {!f}
 y - 16 javelins
 O - 3 silver javelins (quivered)
Armour
 j - a scarf of repulsion
   (You found it on level 4 of the Spider Nest)
 q - the -2 hat of the Alchemist (worn) {rElec rPois rF+ rC+ rN+ Will+ rMut rCorr}
   (You bought it in a shop on level 7 of the Dungeon)

   rF+:       It protects you from fire.
   rC+:       It protects you from cold.
   rElec:     It insulates you from electricity.
   rPois:     It protects you from poison rN+: It protects you from negative
   energy.
   Will+:     It increases your willpower.
   rCorr:     It protects you from acid and corrosion.
   rMut:      It protects you from mutation.
 t - a +2 plate armour of positive energy
   (You took it off an orc warrior on level 1 of the Orcish Mines)
 z - the +1 cloak of Duty (worn) {Dex+3 Slay+2 SInv}
   (You found it in a Gauntlet)

   Dex+3:     It affects your dexterity (+3).
   Slay+2:    It affects your accuracy & damage with ranged weapons and melee
   (+2).
   SInv:      It lets you see invisible.
 M - a +3 ring mail (worn)
   (You found it on level 4 of the Dungeon)
 N - a +2 pair of boots (worn)
   (You found it on level 9 of the Dungeon)
Magical Staves
 I - a staff of death
   (You took it off an orc on level 3 of the Dungeon)
Jewellery
 e - the amulet of Awnoenumia (around neck) {RegenMP Rampage Str-2 Dex+4 SInv}
   (You found it in a Gauntlet)

   [amulet of magic regeneration]

   RegenMP:   It increases your rate of magic regeneration.
   Str-2:     It affects your strength (-2).
   Dex+4:     It affects your dexterity (+4).
   SInv:      It lets you see invisible.
   Rampage:   It bestows one free step when moving towards enemies.
 o - a ring of protection from cold
   (You found it in a Gauntlet)
 s - a ring of willpower (right hand)
   (You found it on level 1 of the Lair of Beasts)
 G - a +6 ring of dexterity (left hand)
   (You found it on level 1 of the Lair of Beasts)
 J - an amulet of guardian spirit
   (You found it on level 5 of the Lair of Beasts)
 L - an amulet of the acrobat
   (You found it on level 7 of the Dungeon)
 Q - a +5 ring of evasion
   (You took it off a skeletal warrior on level 15 of the Dungeon)
Wands
 f - a wand of roots (18)
   (You found it on level 11 of the Dungeon)
 l - a wand of polymorph (12)
   (You found it on level 7 of the Dungeon)
 v - a wand of digging (16)
   (You found it on level 3 of the Dungeon)
 K - a wand of charming (17)
   (You found it on level 1 of the Lair of Beasts)
 Y - a wand of light (24)
   (You found it on level 11 of the Dungeon)
Scrolls
 c - 2 scrolls of enchant armour
 w - 3 scrolls of butterflies
 F - 3 scrolls of fog
 H - 2 scrolls of silence
 R - 6 scrolls of revelation
 T - 2 scrolls of enchant weapon
 U - 3 scrolls of immolation {!r}
 W - 14 scrolls of teleportation {@r4}
 X - 6 scrolls of fear
Potions
 g - 7 potions of haste {@q3}
 i - 7 potions of heal wounds {@q2}
 k - 6 potions of enlightenment
 p - 8 potions of might
 r - 7 potions of curing {@q1}
 x - 7 potions of magic
 A - 3 potions of resistance
 B - 7 potions of mutation {!q}
 C - 6 potions of invisibility
 E - 3 potions of berserk rage
 P - 6 potions of cancellation
 V - 7 potions of ambrosia
Miscellaneous
 h - a phantom mirror
   (You found it in a Gauntlet)
 D - a phial of floods
   (You found it on level 5 of the Lair of Beasts)
 Z - a sack of spiders
   (You found it on level 2 of the Lair of Beasts)


   Skills:
 + Level 15.1 Fighting
 * Level 17.2 Short Blades
 - Level 2.0 Throwing
 * Level 15.9 Armour
 + Level 13.8 Dodging
 + Level 7.3 Stealth
 + Level 20.5 Invocations
 + Level 7.0 Evocations


You had 19 spell levels left.
You didn't know any spells.
Your spell library contained the following spells:

 Spells                   Type           Power      Damage    Failure   Level
 Apportation              Tloc           0%         N/A       50%         1
 Sandblast                Erth           0%         2d4       50%         1
 Sting                    Conj/Alch      0%         1d3       50%         1
 Jinxbite                 Hex            0%         N/A       65%         2
 Mercury Vapours          Alch/Air       0%         N/A       65%         2
 Static Discharge         Conj/Air       0%         3-3/arc   65%         2
 Call Canine Familiar     Summ           0%         N/A       86%         3
 Dazzling Flash           Conj/Hex       0%         N/A       86%         3
 Frozen Ramparts          Ice            0%         1d1       86%         3
 Gell's Gravitas          Tloc           0%         N/A       86%         3
 Inner Flame              Hex/Fire       0%         N/A       86%         3
 Mephitic Cloud           Conj/Alch/Air  0%         N/A       86%         3
 Passwall                 Erth           0%         N/A       86%         3
 Stone Arrow              Conj/Erth      0%         3d7       86%         3
 Teleport Other           Tloc           0%         N/A       86%         3
 Tukima's Dance           Hex            0%         N/A       86%         3
 Volatile Blastmotes      Fire/Tloc      0%         2d10      86%         3
 Animate Armour           Summ/Erth      0%         N/A       99%         4
 Brom's Barrelling Bould  Conj/Erth      0%         2d3       99%         4
 Dimensional Bullseye     Hex/Tloc       0%         N/A       99%         4
 Iskenderun's Mystic Bla  Conj/Tloc      0%         2d3       99%         4
 Leda's Liquefaction      Alch/Erth      0%         N/A       99%         4
 Olgreb's Toxic Radiance  Alch           0%         N/A       99%         4
 Petrify                  Alch/Erth      0%         N/A       99%         4
 Summon Lightning Spire   Summ/Air       0%         N/A       99%         4
 Vhi's Electric Charge    Tloc/Air       0%         N/A       99%         4
 Alistair's Intoxication  Alch           0%         N/A       100%        5
 Arcjolt                  Conj/Air       0%         1d10      100%        5
 Curse of Agony           Necr           0%         N/A       100%        5
 Irradiate                Conj/Alch      0%         3d11      100%        5
 Iskenderun's Battlesphe  Conj           0%         2d6       100%        5
 Metabolic Englaciation   Hex/Ice        0%         N/A       100%        5
 Silence                  Hex/Air        0%         N/A       100%        5
 Dispersal                Tloc           0%         N/A       100%        6
 Starburst                Conj/Fire      0%         6d3       100%        6
 Ignition                 Fire           0%         3d3       100%        8
 Lehudib's Crystal Spear  Conj/Erth      0%         10d2      100%        8
 Maxwell's Capacitive Co  Air            0%         ∞         100%        8
 Polar Vortex             Ice            0%         N/A       100%        9


Dungeon Overview and Level Annotations

Branches:
Dungeon (15/15)            Temple (1/1) D:5            Lair (5/5) D:8
 Shoals (4/4) Lair:3       Spider (4/4) Lair:2        Slime (0/5) Lair:5
    Orc (2/2) D:10            Elf (3/3) Orc:2        Vaults (0/5) D:14
 Depths (0/4) D:15         Bailey (visited)         Gauntlet (visited)

Altars:
Ashenzari
Cheibriados
Dithmenos
Fedhas
Gozag
Hepliaklqana
Kikubaaqudgha
Makhleb
Nemelex Xobeh
Okawaru
Qazlal
Ru
Sif Muna
Trog
Uskayaw
Vehumet
Wu Jian
Xom
Yredelemnul

Shops:
D:4 (   D:7 [   D:10 *   D:11 (!*!:   Orc:2 :*[(   Elf:1 :   Shoals:2 *

Annotations:
Shoals:4 1 runed translucent door
Elf:2 3 runed translucent doors


Innate Abilities, Weirdness & Mutations

You are completely covered in molten scales. (AC +4, rF+)
You frequently emit foul miasma when damaged in melee.
You are mostly covered in sharp spines.
Your magical and physical power is enhanced at high health.
Your touch may irresistibly damage your foes and sap their willpower.


Message History

The bolt of negative energy hits the lost soul.
The lost soul completely resists.
The deep elf blademaster misses you.
The deep elf blademaster hits you but does no damage.
The deep elf blademaster hits you with a +0 quick blade!
* * * LOW HITPOINT WARNING * * *
The deep elf blademaster completely misses you.
Unknown command.
You feel much better.
The deep elf annihilator mumbles some strange words.
The deep elf annihilator blinks!
The deep elf blademaster hits you with a +0 quick blade.
* * * LOW HITPOINT WARNING * * *
The deep elf blademaster hits you but does no damage.
The deep elf blademaster hits you with a +0 quick blade!
* * * LOW HITPOINT WARNING * * *
You emit a cloud of foul miasma!
The deep elf blademaster closely misses you.
The ghostly deep elf death mage draws life force from you!!
* * * LOW HITPOINT WARNING * * *
The ghostly deep elf death mage is healed by the life force!
Unknown command.
Unknown command.
Okay, then.
Unknown command.
A red film seems to cover your vision as you go berserk!
You feel yourself moving faster!
You feel mighty!
The deep elf blademaster is engulfed in dark miasma.
The deep elf blademaster is poisoned.
The deep elf blademaster hits you but does no damage.
The deep elf blademaster completely misses you. x3
The ghostly deep elf death mage is struck by your spines.
The ghostly deep elf death mage completely misses you.
The deep elf blademaster is engulfed in dark miasma.
The deep elf blademaster looks even sicker.
The deep elf blademaster seems to slow down.
The deep elf blademaster is struck by your spines.
The deep elf blademaster hits you but does no damage.
The deep elf blademaster barely misses you.
The deep elf blademaster closely misses you.
The deep elf blademaster misses you.
Unknown command.
You closely miss the deep elf blademaster.
The deep elf blademaster is no longer moving slowly.
You impale the deep elf blademaster!! You burn the deep elf blademaster.
The ghostly deep elf death mage is struck by your spines.
The ghostly deep elf death mage hits you but does no damage.
The deep elf blademaster is engulfed in dark miasma.
The deep elf blademaster looks even sicker.
The deep elf blademaster hits you with a +0 quick blade!
You die...

##........'....
#....)....'....
#.........###.#
#.........# #.# ######(
#......)..# #.###e§...ee
#.........# #.#$e)#
#.........###.#|#..4..ee
#.........')*))e#######.
#.........'.*.e@#
#......)..####..#
#.........####''#
#.........#...*.#
##..............##
##..............##
##.....#........####
##...##............
#''###..).........


You could see a deep elf blademaster (very poisoned), a ghostly deep elf death
mage, a deep elf annihilator and 3 lost souls.

Vanquished Creatures
  Nikola (Shoals:1)
  Jorgrun (Shoals:1)
  A deep elf blademaster (Elf:3)
  The ghost of nitefall the Severer, an adept MiBe of Trog (Elf:2)
  A kraken (Shoals:3)
  Kirke (Lair:3)
  Aizul (Spider:1)
  Donald (Shoals:1)
  8 deep elf sorcerers
  Louise (Elf:3)
  8 emperor scorpions
  4 ghost moths
  10 deep elf elementalists
  An orc warlord (Orc:2)
  A formless jellyfish (Shoals:4)
  A cacodemon (Gauntlet)
  2 broodmothers
  4 deep elf death magi (Elf:3)
  A deep elf annihilator (Elf:3)
  4 deep elf demonologists
  A dire elephant (D:15)
  2 spark wasps
  A minotaur (Gauntlet)
  Azrael (Spider:2)
  A merfolk javelineer (Shoals:4)
  6 merfolk impalers
  The ghost of DifficultPete the Geomancer, a journeyman GrEE of Vehumet (Lair:3)
  6 entropy weavers
  A deep elf high priest (Elf:3)
  Fannar (Lair:1)
  9 hydras
  4 catoblepae
  A rakshasa (D:12)
  4 vault guards (D:14)
  A jorogumo (Spider:3)
  A merfolk avatar (Shoals:3)
  4 radroaches
  An alligator snapping turtle (Shoals:3)
  Erica (Lair:2)
  3 merfolk aquamancers
  The ghost of riffraff the Marksspriggan, a journeyman SpHs of Hepliaklqana (D:9)
  A two-headed ogre (D:9)
  5 boulder beetles
  4 centaur warriors
  7 death yaks (Lair:5)
  A death scarab (Gauntlet)
  2 satyrs (Shoals:3)
  2 tengu warriors (D:14)
  15 dancing weapons
  3 demonic crawlers
  4 orc high priests
  An occultist (D:15)
  5 soul eaters (D:15)
  6 deep elf knights
  A sixfirhy (D:15)
  2 sun demons (D:15)
  6 pharaoh ants
  10 skysharks
  Amaemon (Lair:3)
  4 skeletal warriors (D:15)
  8 orb spiders
  A glowing orange brain (shapeshifter) (Elf:3)
  7 sea snakes
  18 harpies
  9 deep elf archers
  8 orc knights
  A sun moth (Spider:1)
  21 deep elf zephyrmancers
  23 deep elf pyromancers
  14 ugly things
  10 steelbarb worms
  An oklob plant (Lair:3)
  11 manticores
  12 wolf spiders
  4 moths of wrath
  6 cyclopes
  17 fauns
  3 orc sorcerers
  3 meliai (Spider:3)
  9 merfolk sirens
  A salamander (D:15)
  16 elephants
  A kobold blastminer (Orc:1)
  6 water nymphs
  3 slime creatures
  3 rust devils (D:15)
  15 cane toads
  5 black mambas
  6 torpor snails
  A smoke demon (D:15)
  3 orange demons
  2 rime drakes
  3 gargoyles
  8 komodo dragons
  A yaktaur (D:15)
  2 kobold demonologists (D:13)
  3 ice devils (D:15)
  20 merfolk
  A red devil (D:15)
  2 polar bears
  A queen bee (Lair:3)
  2 hellwings (D:15)
  4 hornets
  A troll (shapeshifter) (D:13)
  8 trolls
  14 tarantellas
  6 wind drakes
  11 dream sheep
  Prince Ribbit (D:8)
  A spectral elephant (Gauntlet)
  7 snapping turtles
  2 air elementals (Elf:1)
  6 wyverns
  14 culicivoras
  11 jumping spiders
  A centaur simulacrum (D:14)
  A ynoxinul (D:15)
  A wraith (D:12)
  3 shadows (Gauntlet)
  14 water elementals
  58 yaks
  7 fire elementals
  3 hogs (Lair:3)
  3 wargs (Orc:2)
  5 neqoxecs
  6 basilisks
  7 chaos spawn (D:15)
  50 redbacks
  4 vampire mosquitoes
  A naga (shapeshifter) (D:15)
  11 water moccasins
  5 hell hounds
  3 acid dragons
  26 orc warriors
  A sky beast (D:7)
  2 laughing skulls (D:15)
  An ice beast (D:6)
  2 black bears
  7 ogres
  21 wolves
  11 centaurs
  7 kobold brigands
  Blork the orc (Orc:2)
  An earth elemental (Elf:2)
  16 bullfrogs
  4 necrophages (Lair:4)
  6 scorpions
  A gnoll sergeant (D:12)
  5 wights (D:9)
  15 killer bees
  6 electric eels (D:6)
  A howler monkey (D:5)
  4 jellies
  3 lava snakes (D:9)
  A bombardier beetle (D:7)
  4 hounds
  Crazy Yiuf (D:3)
  2 gnoll boudas
  14 orc priests
  Jessica (D:3)
  Terence (D:3)
  2 iguanas
  16 orc wizards
  Natasha (D:3)
  6 hell rats (Lair:1)
  6 adders
  20 gnolls
  3 shadow imps
  2 white imps
  2 ufetubi (D:6)
  4 dart slugs
  3 ribbon worms
  77 orcs
  7 bats
  4 endoplasms
  3 giant cockroaches
  4 goblins
  8 hobgoblins
  32 kobolds
  9 ball pythons
  2 frilled lizards
  8 rats
  3 tentacles (Shoals:3)
1131 creatures vanquished.

Vanquished Creatures (others)
  3 deep elf zephyrmancers
  3 tentacles (Shoals:3)
6 creatures vanquished.

Grand Total: 1137 creatures vanquished

Notes
Turn   | Place    | Note
-------+----------+-------------------------------------------
     0 | D:1      | James the Demonspawn Gladiator began the quest for the Orb.
     0 | D:1      | Reached XP level 1. HP: 16/16 MP: 1/1
     3 | D:1      | Noticed an electric eel
     4 | D:1      | Noticed an electric eel
   215 | D:1      | Gained mutation: You are partially covered in molten
                  | scales. (AC +2) [demonic ancestry]
   215 | D:1      | Reached XP level 2. HP: 22/22 MP: 2/2
   420 | D:1      | Found a faded altar of an unknown god.
   670 | D:1      | Gained mutation: You may rarely emit foul miasma when
                  | damaged in melee. [demonic ancestry]
   670 | D:1      | Reached XP level 3. HP: 25/27 MP: 3/3
  1269 | D:2      | Reached skill level 1 in Armour
  1354 | D:2      | Gained mutation: You are mostly covered in molten scales.
                  | (AC +3) [demonic ancestry]
  1354 | D:2      | Reached XP level 4. HP: 33/33 MP: 4/4
  1751 | D:3      | Noticed Terence
  2026 | D:3      | Found a hazy altar of Hepliaklqana.
  2287 | D:3      | Noticed Jessica
  2291 | D:3      | Killed Jessica
  2292 | D:3      | Gained mutation: You are partially covered in sharp spines.
                  | [demonic ancestry]
  2292 | D:3      | Reached XP level 5. HP: 37/38 MP: 5/5
  2298 | D:3      | Found a shimmering blue altar of Sif Muna.
  2366 | D:3      | Killed Terence
  2442 | D:3      | Found a runed translucent door.
  2443 | D:3      | Noticed Crazy Yiuf
  2469 | D:3      | Noticed Natasha
  2474 | D:3      | Killed Natasha
  2577 | D:3      | Noticed an ogre
  2585 | D:3      | Killed an ogre
  2586 | D:3      | Reached skill level 5 in Short Blades
  2586 | D:3      | Gained mutation: Your touch may inflict minor irresistible
                  | damage on your foes. [demonic ancestry]
  2586 | D:3      | Reached XP level 6. HP: 36/46 MP: 6/6
  2975 | D:4      | Found Bidou's Weapon Shoppe.
  3032 | D:4      | Noticed an orc warrior
  3115 | D:4      | You fall into a shaft and drop 2 floors!
  3181 | D:5      | Entered Level 5 of the Dungeon
  3722 | D:4      | Killed an orc warrior
  3723 | D:4      | Gained mutation: You are completely covered in molten
                  | scales. (AC +4, rF+) [demonic ancestry]
  3723 | D:4      | Reached XP level 7. HP: 31/52 MP: 7/7
  4165 | D:5      | Found a broken altar of Ashenzari.
  4344 | D:5      | Gained mutation: Your touch may inflict irresistible damage
                  | on your foes. [demonic ancestry]
  4344 | D:5      | Reached XP level 8. HP: 60/60 MP: 8/8
  4626 | D:5      | Found a staircase to the Ecumenical Temple.
  4644 | Temple   | Entered the Ecumenical Temple
  5354 | D:6      | Found an iron altar of Okawaru.
  5822 | D:4      | Bought a +2 rapier of flaming for 211 gold pieces
  5875 | D:3      | Killed Crazy Yiuf
  5922 | D:3      | Identified the +4 hammer "Locwil" {venom, rPois rF++ rCorr
                  | Int-4}
  6237 | D:7      | Identified the +5 whip of Superiority {antimagic, Int+3
                  | Dex+3}
  6243 | D:7      | Found Pearr's Armour Emporium.
  6533 | D:7      | Found a stormy altar of Qazlal.
  6642 | D:7      | Reached XP level 9. HP: 61/66 MP: 9/9
  6987 | D:8      | Identified the +2 falchion "Kyps" {drain, rElec Int-3
                  | Dex+4}
  7068 | D:8      | Reached skill level 5 in Fighting
  7076 | D:8      | Reached skill level 10 in Short Blades
  7116 | D:8      | Found a flagged portal.
  7123 | Bailey   | Entered a bailey
  7336 | Bailey   | Noticed an orc knight
  7348 | Bailey   | Killed an orc knight
  7546 | D:8      | Noticed Prince Ribbit
  7554 | D:8      | Killed Prince Ribbit
  7690 | D:8      | Found a burning altar of Makhleb.
  7850 | D:8      | Found a staircase to the Lair.
  7850 | D:8      | Noticed a komodo dragon
  7864 | D:8      | Reached skill level 5 in Armour
  7864 | D:8      | Reached skill level 5 in Dodging
  7864 | D:8      | Gained mutation: You sometimes emit foul miasma when
                  | damaged in melee. [demonic ancestry]
  7864 | D:8      | Reached XP level 10. HP: 66/76 MP: 10/10
  8063 | D:9      | Noticed a two-headed ogre
  8075 | D:9      | Killed a two-headed ogre
  8130 | D:9      | Noticed riffraff's ghost (journeyman SpHs)
  8133 | D:9      | Found a runed translucent door.
  8255 | D:9      | Found a radiant altar of Vehumet.
  8596 | D:9      | Noticed a centaur warrior
  8845 | D:9      | Found a hide-covered altar of Uskayaw.
  8848 | D:9      | Became a worshipper of Uskayaw the Reveller
  8894 | D:9      | Reached * piety under Uskayaw
  8901 | D:9      | Reached ** piety under Uskayaw
  8903 | D:9      | Reached skill level 1 in Invocations
  8904 | D:9      | Reached *** piety under Uskayaw
  9371 | D:10     | Entered Level 10 of the Dungeon
  9385 | D:10     | Reached skill level 2 in Invocations
  9385 | D:10     | Reached **** piety under Uskayaw
  9388 | D:10     | Reached ***** piety under Uskayaw
  9391 | D:10     | Reached skill level 3 in Invocations
  9424 | D:10     | Found a staircase to the Orcish Mines.
  9464 | D:10     | Found Gozag's Platinum Reserve.
  9467 | D:10     | Found an opulent altar of Gozag.
  9789 | D:10     | Reached skill level 4 in Invocations
  9836 | D:10     | Noticed a gargoyle
  9841 | D:10     | Killed a gargoyle
 10081 | D:10     | Found an ornate altar of the Wu Jian Council.
 10114 | D:10     | Reached skill level 5 in Invocations
 10114 | D:10     | Gained mutation: Your magical and physical power is
                  | slightly enhanced at high health. [demonic ancestry]
 10114 | D:10     | Reached XP level 11. HP: 84/84 MP: 14/14
 10227 | D:10     | Found a shadowy altar of Dithmenos.
 10389 | D:11     | Found Upirewk's Distillery.
 10394 | D:11     | Bought a potion of berserk rage for 80 gold pieces
 10452 | D:11     | Reached skill level 6 in Invocations
 10501 | D:11     | Found Paivom's Book Emporium.
 10649 | D:11     | Found Zusilohe's Weapon Shop.
 10669 | D:11     | Found Fumis's Distillery.
 10813 | D:11     | Reached skill level 7 in Invocations
 10976 | D:11     | Found Zefyr's Assorted Antiques.
 10981 | D:11     | Bought a scroll labelled TATSUS DENEWK for 24 gold pieces
 11791 | D:10     | Killed a centaur warrior
 11792 | D:10     | Reached skill level 8 in Invocations
 12038 | Lair:1   | Entered Level 1 of the Lair of Beasts
 12196 | Lair:1   | Reached skill level 9 in Invocations
 12271 | Lair:1   | Reached skill level 10 in Invocations
 12481 | Lair:1   | Reached skill level 11 in Invocations
 12564 | Lair:1   | Reached ****** piety under Uskayaw
 12854 | Lair:1   | Gained mutation: You frequently emit foul miasma when
                  | damaged in melee. [demonic ancestry]
 12854 | Lair:1   | Reached XP level 12. HP: 91/91 MP: 20/20
 13173 | Lair:2   | Noticed Erica
 13605 | Lair:2   | Noticed Fannar
 13693 | Lair:1   | Killed Fannar
 13988 | Lair:2   | Killed Erica
 14549 | Lair:2   | Reached skill level 12 in Invocations
 14705 | Lair:2   | Found a hole to the Spider Nest.
 15088 | Lair:3   | Noticed Amaemon
 15094 | Lair:3   | Killed Amaemon
 15340 | Lair:3   | Found a staircase to the Shoals.
 15567 | Lair:3   | Found a transporter.
 15569 | Lair:3   | Found a transporter.
 15570 | Lair:3   | Noticed DifficultPete's ghost (journeyman GrEE)
 15587 | Lair:3   | Noticed Kirke
 15614 | Lair:3   | Killed Kirke
 15619 | Lair:3   | Gained mutation: Your touch may irresistibly damage your
                  | foes and sap their willpower. [demonic ancestry]
 15619 | Lair:3   | Reached XP level 13. HP: 98/99 MP: 22/22
 17086 | Lair:4   | Reached skill level 13 in Invocations
 17164 | Lair:4   | Reached skill level 1 in Stealth
 17411 | Lair:5   | Entered Level 5 of the Lair of Beasts
 18345 | Lair:5   | Found a staircase to the Slime Pits.
 18663 | Lair:5   | Reached XP level 14. HP: 109/109 MP: 24/24
 18671 | Lair:5   | Reached skill level 10 in Fighting
 18671 | Lair:5   | Reached skill level 14 in Invocations
 19102 | Lair:5   | Reached skill level 15 in Invocations
 19399 | D:9      | Killed riffraff's ghost
 19400 | D:9      | Reached skill level 1 in Evocations
 19443 | D:7      | Bought the -2 hat of the Alchemist {rElec rPois rF+ rC+ rN+
                  | Will+ rMut rCorr} for 660 gold pieces
 19443 | D:7      | Found the -2 hat of the Alchemist {rElec rPois rF+ rC+ rN+
                  | Will+ rMut rCorr}
 19572 | Lair:3   | Killed DifficultPete's ghost
 20450 | Orc:1    | Entered Level 1 of the Orcish Mines
 20596 | Orc:1    | Reached skill level 5 in Stealth
 20857 | Orc:2    | Entered Level 2 of the Orcish Mines
 20877 | Orc:2    | Reached skill level 5 in Evocations
 20911 | Orc:2    | Found a staircase to the Elven Halls.
 21089 | Orc:2    | Noticed Blork the orc
 21101 | Orc:2    | Killed Blork the orc
 21102 | Orc:2    | Noticed an orc warlord
 21146 | Orc:2    | Killed an orc warlord
 21879 | Orc:2    | Found Vomydug's Antique Weapon Boutique.
 22011 | Orc:2    | Found Zuixzuku's Antique Armour Boutique.
 22033 | Orc:2    | Found Yzatutt's Book Boutique.
 22417 | Orc:2    | Found Axiesoom's General Store.
 22556 | Orc:2    | Bought a scroll of identify for 28 gold pieces
 23761 | D:14     | Found a gate leading to a gauntlet.
 23769 | D:14     | Gained mutation: You are mostly covered in sharp spines.
                  | [demonic ancestry]
 23769 | D:14     | Reached XP level 15. HP: 98/117 MP: 26/26
 23796 | Gauntlet | Entered a Gauntlet
 23796 | Gauntlet | Found a transporter.
 23854 | Gauntlet | Found a transporter.
 23854 | Gauntlet | Found a transporter.
 23859 | Gauntlet | Found a runed translucent door.
 23859 | Gauntlet | Found a runed translucent door.
 23865 | Gauntlet | Found a transporter.
 23868 | Gauntlet | Found a transporter.
 23885 | Gauntlet | Found a transporter.
 23896 | Gauntlet | Found a transporter.
 23904 | Gauntlet | Found a transporter.
 23913 | Gauntlet | Found a transporter.
 23917 | Gauntlet | Found a runed translucent door.
 23933 | Gauntlet | Found a transporter.
 23943 | Gauntlet | Found a transporter.
 23999 | Gauntlet | Found a transporter.
 23999 | Gauntlet | Found a transporter.
 24009 | Gauntlet | Found a transporter.
 24217 | Gauntlet | Identified the amulet of Awnoenumia {RegenMP Rampage Str-2
                  | Dex+4 SInv}
 24250 | Gauntlet | Identified the +1 cloak of Duty {Dex+3 Slay+2 SInv}
 24251 | Gauntlet | Got the Volume of Battling
 24548 | D:14     | Found a gate to the Vaults.
 24561 | D:14     | Reached skill level 16 in Invocations
 24573 | D:14     | Reached skill level 10 in Armour
 24573 | D:14     | Reached skill level 10 in Dodging
 24995 | D:14     | Found an iron altar of Okawaru.
 25348 | D:15     | Entered Level 15 of the Dungeon
 26384 | D:15     | Reached skill level 17 in Invocations
 26482 | D:15     | Found a staircase to the Depths.
 27008 | Spider:1 | Entered Level 1 of the Spider Nest
 27183 | Spider:1 | Identified the serpent talisman "Kamikuz" {rElec rCorr
                  | Int-5 Dex+2}
 27183 | Spider:1 | Noticed Aizul
 27189 | Spider:1 | Killed Aizul
 27322 | Spider:1 | Gained mutation: Your magical and physical power is
                  | enhanced at high health. [demonic ancestry]
 27322 | Spider:1 | Reached XP level 16. HP: 127/127 MP: 28/28
 27983 | Spider:2 | Noticed Azrael
 28041 | Spider:2 | Killed Azrael
 29046 | Spider:3 | Reached skill level 18 in Invocations
 30423 | Spider:4 | Entered Level 4 of the Spider Nest
 31564 | Spider:4 | Reached XP level 17. HP: 97/137 MP: 0/30
 31981 | Spider:4 | Reached skill level 19 in Invocations
 32281 | Spider:4 | Got a gossamer rune of Zot
 32491 | Shoals:1 | Entered Level 1 of the Shoals
 32491 | Shoals:1 | Noticed Jorgrun
 32500 | Shoals:1 | Killed Jorgrun
 32979 | Shoals:1 | Noticed Nikola
 33006 | Shoals:1 | Killed Nikola
 33138 | Shoals:1 | Noticed Donald
 33153 | Shoals:1 | Killed Donald
 33839 | Shoals:2 | Found Aezot's Alliterative Accessories.
 34235 | Shoals:2 | Reached XP level 18. HP: 146/146 MP: 31/31
 34248 | Shoals:2 | Bought a scroll of acquirement for 832 gold pieces
 34248 | Shoals:2 | Acquired a manual of Short Blades
 34250 | Shoals:2 | Bought a manual of Armour for 1280 gold pieces
 35325 | Shoals:3 | Reached skill level 15 in Short Blades
 35864 | Shoals:4 | Entered Level 4 of the Shoals
 36333 | Shoals:4 | Found a runed translucent door.
 36435 | Shoals:4 | Reached XP level 19. HP: 86/153 MP: 32/32
 36680 | Shoals:4 | Got a barnacled rune of Zot
 37683 | Elf:1    | Entered Level 1 of the Elven Halls
 37693 | Elf:1    | Reached skill level 20 in Invocations
 37918 | Elf:1    | Found Apen's Book Shop.
 38258 | Elf:1    | Got Wiowen's Annotations on Momentum
 38564 | Elf:1    | HP: 7/154 [deep elf archer/arrow (6)]
 39060 | Elf:1    | Reached skill level 15 in Armour
 39371 | Elf:2    | Found a runed translucent gate.
 39371 | Elf:2    | Found a runed translucent gate.
 39374 | Elf:2    | Found a runed translucent gate.
 39620 | Elf:2    | Found a runed translucent door.
 39620 | Elf:2    | Noticed nitefall's ghost (adept MiBe)
 39628 | Elf:2    | Killed nitefall's ghost
 39630 | Elf:2    | Got the Vellum of Massed Snow
 40061 | Elf:3    | Entered Level 3 of the Elven Halls
 40152 | Elf:3    | Noticed Louise
 40164 | Elf:3    | Killed Louise
 40408 | Elf:3    | Reached skill level 15 in Fighting
 41048 | Elf:3    | Reached XP level 20. HP: 162/162 MP: 34/34
 41057 | Elf:3    | Identified the +11 flail of the Unspeakable One {heavy,
                  | rN+}
 41057 | Elf:3    | Identified the +0 robe of Kindness {rElec Will- Str+4}
 41093 | Elf:3    | HP: 5/161 [deep elf blademaster/+0 quick blade (8)]
 41094 | Elf:3    | HP: 2/161 [ghostly deep elf death mage/vampiric draining
                  | (18)]
 41097 | Elf:3    | Mangled by a deep elf blademaster

Illustrated notes

Levels and vault maps discovered:
D:1:      arrival_aquarium_b, layout_rooms, serial_bayou, serial_bayou_pond_a,
          serial_bayou_lagoon_a, serial_bayou_pond_d, serial_bayou_pond_d,
          dreamdust_ecumenical_altar_hidden_monk_grotto, nicolae_titane
D:2:      layout_loops_cross, nrook_campfire
D:3:      layout_loops_ring, tgw_sif, nzn_hepliaklqana_mist_gate, uniq_terence,
          uniq_natasha, uniq_crazy_yiuf_cottage
D:4:      layout_loops_corners, serial_shops, nicolae_shop_scrapyard
D:5:      layout_loops_ring, mainiacjoe_overflow_paths,
          minmay_temple_entry_overgrown
D:6:      cheibrodos_two_vegetables, layout_basic,
          lemuel_coloured_pillars_altar, serial_glass, glass_columns_a,
          glass_columns_b
D:7:      layout_gridville, zin_statuary, mainiacjoe_overflow_alcove_1,
          serial_shops, nicolae_shop_scrapyard, minmay_circle_x
D:8:      layout_rooms, nicolae_overflow_hidden_temple, david_lair_shrubbed,
          enter_bailey_2, uniq_prince_ribbit1
D:9:      layout_long_grid, kennysheep_mini, kennysheep_mini_moat, serial_glass,
          glass_columns_a, glass_columns_b, hellmonk_ghost_happy_afterlife,
          chequers_hall_statues_corner_a, roderic_serpentine_path,
          kennysheep_island_fort
D:10:     layout_gridville, nicolae_gozag_zags_fifth_avenue,
          mainiacjoe_overflow_big_doors, orc_0_dummy
D:11:     layout_loops_ring, serial_shops, shop_fountains, shop,
          nicolae_shop_advertising_works [nicolae_subvault_shop_adworks], shop,
          kennysheep_little_box
D:12:     layout_rooms, minmay_statues_item
D:13:     layout_gridville
D:14:     layout_roguey, lightli_vaults_fourway_checkpoint,
          okawaru_ov_weapons_minmay, gauntlet_entry_generic
D:15:     hangedman_depths_entry_try_elsewhere_first, layout_long_grid,
          serial_demonic, serial_demonic_e, serial_demonic_f, serial_demonic_c,
          serial_demonic_e, serial_demonic_c, serial_demonic_d,
          serial_demonic_g, serial_demonic_a, serial_demonic_f,
          serial_demonic_d, minmay_misc_feat_chi
Temple:   hellmonk_temple_micro_hex
Lair:1:   layout_chaotic_city
Lair:2:   layout_cellular_growth, spider_nest_entry_a, grunt_megastairs_1,
          uniq_erica, uniq_fannar
Lair:3:   layout_cave_pods, shoals_dummy_entry, gammafunk_ghost_hive,
          small_statue_intersection, uniq_amaemon, uniq_kirke
Lair:4:   layout_long_grid, roderic_carrion_pond
Lair:5:   evilmike_catoblepas_cave, layout_gridlike, slime_entry_1,
          fungi_pond_lemuel
Shoals:1: layout_shoals, uniq_nikola, uniq_jorgrun, uniq_donald
Shoals:2: layout_shoals, nicolae_alphabet_shops
Shoals:3: layout_shoals
Shoals:4: shoals_end_simple, layout_shoals, lightli_airlock
Spider:1: layout_spider_delve, uniq_aizul
Spider:2: layout_spider_delve, nicolae_spider_webs_and_nodes, uniq_azrael
Spider:3: nicolae_spider_hilbert_zone_7 [nicolae_spider_hilbert_4_sides_1_open,
          nicolae_spider_hilbert_4_sides_1_open,
          nicolae_spider_hilbert_4_sides_1_open,
          nicolae_spider_hilbert_4_sides_1_open,
          nicolae_spider_hilbert_3_sides_1_open,
          nicolae_spider_hilbert_3_sides_1_open,
          nicolae_spider_hilbert_3_sides_1_open,
          nicolae_spider_hilbert_3_sides_1_open,
          nicolae_spider_hilbert_4_sides_1_open,
          nicolae_spider_hilbert_4_sides_1_open,
          nicolae_spider_hilbert_4_sides_1_open,
          nicolae_spider_hilbert_2_sides_1_open,
          nicolae_spider_hilbert_2_sides_1_open,
          nicolae_spider_hilbert_2_sides_1_open,
          nicolae_spider_hilbert_2_sides_1_open,
          nicolae_spider_hilbert_2_sides_1_open,
          nicolae_spider_hilbert_2_sides_1_open]
Spider:4: grunt_spider_rune_circles
Orc:1:    layout_caves, basic_altar, mines1_david
Orc:2:    grunt_orc_cross, layout_caves, nicolae_orc_crystal_geode
Elf:1:    eino_elf_arrival_sip, layout_geoelf_octagon, serial_shops,
          nicolae_shop_mannequins, minmay_elf_sorcery, wad_dig_loot
Elf:2:    elven_hall_of_blades_hangedman_original
          [infiniplex_blade_entry_pillars], layout_loops_ring,
          gammafunk_ghost_grave, serial_sigils, serial_sigils_hangedman_confine,
          serial_sigils_hangedman_leer, serial_sigils_hangedman_gut,
          serial_sigils_hangedman_quiver, serial_sigils_hangedman_snap
Elf:3:    grunt_elf_hall_branching, layout_gridlike, minmay_shop_grove,
          uniq_louise

Skill      XL: |  1  2  3  4  5  6  7  8  9 10 11 12 13 14 15 16 17 18 19 20 |
---------------+-------------------------------------------------------------+-----
Short Blades   | 3 4 5 7 9 10 11 12 13 14 15 17 | 17.2
Armour         | 1 2 3 5 6 7 8 9 11 12 13 15 | 15.9
Throwing       | 2 |  2.0
Dodging        | 3 5 6 7 8 9 11 12 13 | 13.8
Fighting       | 3 4 5 7 8 9 10 12 13 14 15 | 15.1
Invocations    | 5 11 12 13 15 17 18 19 20 | 20.5
Stealth        | 3 5 7 |  7.3
Evocations     | 5 6 7 |  7.0

Action                     |  1- 3 |  4- 6 |  7- 9 | 10-12 | 13-15 | 16-18 | 19-21 || total
---------------------------+-------+-------+-------+-------+-------+-------+-------++-------
  Melee: Rapier            |   135 |   148 |   269 |   439 |   962 |   831 |   419 ||  3203
         Punch             |     2 |       |     1 |     8 |    18 |    13 |     6 ||    48
         Touch             |       |    13 |    66 |    94 |   234 |   169 |    81 ||   657
         Falchion          |       |       |       |    11 |       |       |       ||    11
   Fire: Sling             |       |     3 |       |       |       |       |       ||     3
  Throw: Stone             |     2 |       |       |       |       |       |       ||     2
         Javelin           |     1 |       |       |       |       |       |       ||     1
         Boomerang         |       |    13 |     3 |     4 |       |       |       ||    20
         Dart              |       |       |       |     9 |       |       |       ||     9
 Invoke: Grand Finale      |       |       |       |       |     1 |     1 |     1 ||     3
  Evoke: Wand              |       |       |       |     2 |       |       |     1 ||     3
    Use: Scroll            |       |     9 |     9 |     7 |     7 |     3 |     1 ||    36
         Potion            |       |       |     1 |     1 |       |     3 |     5 ||    10
   Stab: Sleeping          |     1 |       |     1 |       |     3 |     9 |    12 ||    26
         Paralysed         |       |       |       |    31 |    96 |    82 |    30 ||   239
         Distracted        |       |       |       |       |     2 |     1 |     1 ||     4
 Armour: Leather armour    |    47 |       |       |       |       |       |       ||    47
         Chain mail        |    39 |    86 |       |       |       |       |       ||   125
         Ring mail         |       |     7 |   128 |   225 |   130 |   369 |   186 ||  1045
         Plate armour      |       |       |       |       |   309 |       |       ||   309
  Dodge: Dodged            |    64 |    52 |   149 |   253 |   459 |   736 |   245 ||  1958
